Map: Stacja Proxima ER

Players

Byun - Winner!

  • Race: Terran Terran
  • League: Diamond
  • Spawn Location: 7:00

siwy

  • Race: Zerg Zerg
  • League: Gold
  • Spawn Location: 1:00

VOD

Have the link to the VOD?

Description

Time

  • Played on: June 28, 2017, 10:47 a.m.
  • Length: 14:52
Show
View Real Time Build Order
Export as new Build Order

Byun Terran - Winner!

Build Orders: MMM Bio 

Get SALT Encoding   

  12  0:00  SCV  
  13  0:12  SCV  
  14  0:19  Supply Depot  
  14  0:25  SCV  
  15  0:30  Refinery  
  15  0:40  SCV  
  16  0:46  Barracks  
  16  0:53  SCV  
  17  1:05  SCV  
  18  1:17  SCV  
  20  1:35  Reaper  
  20  1:36  Orbital Command  
  20  1:45  Command Center  
  20  1:58  Barracks  
  20  2:03  SCV  
  21  2:12  Supply Depot  
  21  2:15  SCV  
  22  2:17  Barracks Reactor  
  22  2:23  Factory  
  22  2:29  SCV  
  23  2:41  SCV  
  25  2:53  SCV, Barracks Tech Lab  
  25  2:59  Orbital Command  
  25  3:05  Marine x2  
  27  3:06  SCV  
  28  3:13  Stimpack  
  28  3:18  Refinery  
  28  3:21  SCV, Barracks  
  28  3:24  Marine x2  
  28  3:25  Marine  
  32  3:33  SCV  
  33  3:35  SCV  
  33  3:38  Factory Reactor  
  34  3:45  SCV  
  34  3:47  SCV, Marine x2  
  37  3:56  Starport  
  37  3:57  SCV  
  37  3:58  Supply Depot  
  37  4:00  SCV  
  39  4:03  Marine  
  39  4:05  Marine  
  39  4:09  SCV  
  42  4:12  SCV  
  42  4:14  Supply Depot  
  43  4:18  Hellion  
  43  4:20  Hellion  
  43  4:22  SCV  
  43  4:23  Armory  
  47  4:25  SCV  
  48  4:33  Barracks Reactor  
  48  4:34  SCV  
  48  4:37  SCV  
  50  4:41  Refinery  
  50  4:43  Supply Depot x2  
  50  4:44  Marine x3  
  53  4:46  SCV  
  53  4:49  SCV  
  55  4:52  Viking  
  55  4:56  Hellion  
  55  4:58  SCV  
  60  5:01  Hellion  
  60  5:04  SCV, Marine  
  60  5:06  Supply Depot  
  64  5:08  Supply Depot  
  64  5:10  SCV  
  65  5:16  Terran Vehicle Weapons Level 1  
  65  5:17  Marine x3  
  68  5:23  Hellion  
  70  5:34  Hellion  
  70  5:35  Starport Reactor  
  72  5:36  SCV x2  
  74  5:43  Engineering Bay  
  74  5:44  Hellion, Marine x4  
  74  5:48  SCV  
  74  5:49  Supply Depot  
  81  5:51  SCV, Marine  
  81  5:55  Hellion  
  85  6:00  SCV  
  85  6:03  SCV  
  87  6:10  Marine x2  
  89  6:12  SCV  
  89  6:15  Medivac x2  
  89  6:18  Terran Infantry Weapons Level 1  
  94  6:21  Supply Depot  
  94  6:22  Marine x2  
  94  6:23  Command Center  
  96  6:28  SCV x2  
  98  6:38  Engineering Bay  
  98  6:40  SCV x2  
  98  6:41  Marine x2  
  98  6:42  Missile Turret, Marine x2  
  98  6:45  Medivac  
  106  6:52  SCV x2  
  106  6:53  Missile Turret  
  108  6:55  Supply Depot  
  108  6:57  Marine  
  108  6:58  Marine  
  110  7:08  SCV, Marine  
  110  7:15  SCV  
  109  7:20  SCV  
  109  7:21  Terran Vehicle Weapons Level 2  
  109  7:22  Supply Depot  
  110  7:27  SCV  
  111  7:36  Liberator  
  111  7:37  Liberator, Barracks  
  103  7:38  Barracks  
  96  7:50  Marine  
  96  7:51  Marine x5  
  101  7:52  Siege Tank  
  101  7:55  Supply Depot  
  110  8:00  Orbital Command  
  110  8:02  Barracks  
  110  8:03  Barracks  
  110  8:08  Marine x2  
  112  8:13  SCV x2  
  112  8:14  Bunker x2  
  112  8:15  Terran Infantry Weapons Level 2  
  112  8:16  Terran Infantry Armor Level 1  
  112  8:17  Supply Depot  
  112  8:18  Marine x2  
  112  8:19  Command Center  
  116  8:25  SCV x2  
  118  8:32  Siege Tank  
  118  8:33  Marine  
  118  8:34  Marine x2  
  123  8:36  SCV  
  123  8:37  SCV  
  125  8:44  Marine x2  
  125  8:46  Bunker  
  127  8:54  Marine  
  118  8:56  SCV x2  
  118  8:59  Supply Depot  
  118  9:00  Marine x2  
  118  9:01  Barracks Tech Lab, Marine  
  118  9:02  Barracks Tech Lab x2  
  119  9:04  Barracks Tech Lab  
  119  9:07  Siege Tank  
  121  9:21  SCV  
  122  9:25  Refinery  
  122  9:26  SCV x2  
  122  9:29  Refinery  
  123  9:32  Factory, Marine  
  123  9:33  Marauder x2, Marine  
  123  9:34  Medivac  
  131  9:53  Concussive Shells, Combat Shields  
  131  9:55  Marauder x3  
  131  9:56  Marauder, Marine x2  
  142  10:00  SCV  
  142  10:01  Refinery  
  142  10:05  Marine  
  142  10:06  Marine x3  
  146  10:14  Marine x2  
  147  10:16  Marauder x2, Marine  
  147  10:17  Marauder  
  147  10:21  Siege Tank, Factory Tech Lab  
  158  10:23  Marine  
  158  10:24  Supply Depot x2  
  158  10:26  Supply Depot, Marine  
  158  10:27  Marine x2  
  161  10:29  Refinery  
  161  10:31  Marine  
  161  10:32  Sensor Tower, Marine  
  161  10:33  Refinery  
  161  10:34  Marine  
  164  10:36  Terran Infantry Armor Level 2  
  164  10:37  Marine  
  164  10:38  Marine x2  
  164  10:41  Marine  
  168  10:43  Siege Tank  
  168  10:44  Marine x3  
  168  10:49  Marine x2  
  175  10:51  Marine  
  175  10:53  Siege Tank, Supply Depot  
  175  10:55  Marine  
  175  10:56  Marine x2  
  183  10:57  Missile Turret  
  183  10:59  Marine  
  183  11:02  Marine x3  
  187  11:05  Terran Infantry Weapons Level 3  
  187  11:07  Marine x2  
  187  11:09  Marine  
  190  11:13  Marine  
  190  11:14  Marine  
  192  11:21  Terran Vehicle Weapons Level 3  
  192  11:22  Marine x5  
  192  11:25  Marine x2  
  199  11:26  Planetary Fortress  
  199  11:27  Marine  
  199  11:41  Command Center  
  161  11:56  Marauder x3  
  154  12:04  Marauder, Marine x2  
  154  12:05  SCV x2  
  154  12:07  Siege Tank x2  
  163  12:08  Medivac x2  
  167  12:16  Command Center  
  167  12:17  Marauder  
  159  12:23  Liberator  
  159  12:24  Liberator  
  146  12:39  Starport, Siege Tank x2  
  146  12:40  Starport, Fusion Core  
  158  12:51  Missile Turret  
  158  13:11  Marauder x4, Siege Tank x2, Missile Turret, Marine x3  
  175  13:17  Missile Turret  
  175  13:20  Command Center, Missile Turret  
  175  13:27  Starport Tech Lab  
  175  13:29  Starport Reactor  
  175  13:32  Marauder  
  177  13:38  Missile Turret  
  177  13:41  Missile Turret  
  177  13:43  Siege Tank x2  
  177  13:47  Marauder x2, Marine x3  
  189  13:51  Refinery, Missile Turret  
  189  13:52  Refinery  
  188  13:55  Marine  
  188  13:56  Marauder x2  
  188  14:01  Marine x2  
  169  14:08  Marauder x2  
  157  14:15  Siege Tank x2  
  159  14:21  Marauder x2  
  163  14:30  Marauder  
  165  14:36  Missile Turret  
Show
View Real Time Build Order
Export as new Build Order

siwy Zerg 

Build Orders: Hatch First 

Get SALT Encoding   

  12  0:01  Drone  
  13  0:12  Overlord  
  13  0:17  Drone  
  14  0:31  Drone x2  
  16  0:38  Drone  
  17  0:56  Drone  
  18  0:59  Hatchery, Drone  
  18  1:07  Drone  
  18  1:11  Extractor  
  18  1:22  Spawning Pool  
  18  1:25  Drone  
  18  1:30  Drone  
  19  1:39  Overlord  
  19  2:09  Queen  
  19  2:10  Zergling x2  
  19  2:11  Zergling x2  
  19  2:12  Queen  
  25  2:19  Drone x2  
  25  2:20  Metabolic Boost  
  27  2:27  Drone x2  
  29  2:38  Zergling x4  
  29  2:54  Zergling x2  
  29  2:56  Zergling x2  
  29  2:57  Zergling x4  
  33  3:00  Queen  
  33  3:05  Overlord x2  
  35  3:22  Queen  
  35  3:25  Drone x3  
  35  3:26  Drone x2  
  42  3:37  Drone x2  
  44  3:52  Overlord x2  
  44  4:06  Overlord x2  
  44  4:10  Hatchery  
  44  4:14  Extractor  
  44  4:15  Extractor  
  44  4:16  Lair  
  41  4:31  Drone  
  41  4:32  Drone x8  
  50  4:47  Drone x3  
  53  5:04  Drone  
  53  5:05  Drone x4  
  58  5:16  Pneumatized Carapace  
  58  5:19  Drone  
  58  5:20  Overlord, Drone  
  58  5:21  Drone x4  
  64  5:28  Roach Warren  
  64  5:31  Evolution Chamber  
  64  5:33  Drone x3, Evolution Chamber  
  64  5:44  Overseer  
  64  5:57  Zergling x2  
  61  6:09  Roach x8  
  77  6:12  Drone  
  77  6:13  Drone x8  
  77  6:14  Extractor  
  77  6:18  Extractor  
  84  6:43  Drone x4  
  84  6:44  Roach  
  88  6:57  Roach  
  88  6:58  Glial Reconstitution  
  88  7:00  Overlord x3  
  88  7:10  Roach  
  88  7:11  Roach  
  85  7:21  Roach  
  87  7:23  Ravager x4  
  87  7:24  Ravager x3  
  87  7:26  Zergling x6  
  87  7:27  Zergling x12  
  93  7:44  Drone  
  93  7:45  Drone x5  
  96  7:52  Queen  
  98  8:11  Spore Crawler  
  97  8:12  Spore Crawler  
  97  8:14  Spore Crawler  
  97  8:15  Drone x2  
  97  8:20  Evolution Chamber  
  97  8:21  Burrow, Evolution Chamber  
  97  8:23  Roach  
  97  8:24  Roach x4  
  100  8:42  Overlord x2  
  100  8:43  Overlord x2  
  100  8:46  Zerg Missile Weapons Level 1  
  100  8:47  Zerg Ground Armor Level 1  
  100  8:51  Roach  
  100  8:52  Roach  
  102  9:03  Roach x6  
  102  9:04  Roach x3  
  109  9:31  Roach x3  
  109  9:32  Roach x5  
  109  9:34  Overlord x2  
  123  9:42  Queen  
  125  9:50  Roach  
  125  9:51  Roach x3  
  125  9:52  Queen  
  137  10:01  Overseer x2  
  137  10:07  Zergling x2  
  137  10:08  Zergling x8  
  142  10:14  Baneling Nest  
  142  10:18  Queen  
  142  10:20  Hatchery  
  142  10:21  Extractor  
  142  10:23  Extractor  
  138  10:36  Ravager  
  138  10:37  Ravager x12  
  151  10:50  Overlord x2  
  151  10:51  Overlord x3  
  151  11:03  Zerg Missile Weapons Level 2  
  151  11:07  Zerg Ground Armor Level 2  
  151  11:12  Zergling x2  
  151  11:13  Zergling x22  
  158  11:35  Roach  
  158  11:36  Roach x11  
  112  12:03  Zergling x2  
  112  12:04  Zergling x18  
  105  12:14  Baneling  
  105  12:15  Baneling x2  
  105  12:16  Zergling x2  
  105  12:17  Zergling x8  
  105  12:21  Ravager  
  91  12:35  Baneling x12  
  91  12:36  Baneling x4  
  91  12:41  Zergling x24  
  91  12:42  Queen  
  105  13:05  Zergling x2  
  106  13:06  Zergling x18  
  115  13:17  Zergling x2  
  115  13:18  Zergling x14  
  115  13:19  Ravager  
  124  13:20  Ravager x7  
  124  13:23  Zergling x6  
  134  13:27  Zergling x2  
  134  13:28  Zergling x4  
  134  13:29  Centrifical Hooks  
  137  13:41  Zergling x16  
  142  14:00  Zergling x2  
  142  14:01  Zergling x22  
  115  14:07  Roach  
  115  14:08  Roach x3  
  87  14:21  Roach  
  87  14:22  Roach x9  
  106  14:27  Zergling x4  
  108  14:31  Roach  
Tags
 
Composition
MMM Bio
Matchup
TvZ
Spawn Locations
Cross Positions
Add a new tag
Caveats
  • Supply blocks, unpowered buildings, or Contaminate may cause inaccurate times.
  • Supply counts are checked every 10 seconds.